cohdb
Replays
Latest Replays
All Replays
Popular Replays
Top Player Replays
Match Explorer
How It Works
Community
CoH3 Stats
Reddit
Sign in to upload your games and track your stats! →
Sign in with Steam
Match 43043958
Unlisted
Match 43043958
Overview
Messages
Build Orders
End
Kradschützen Motorcycle Team
Panzergrenadier Squad
Panzergrenadier Squad
Construct Light Support Kompanie
Selects Italian Infantry
Panzerjäger Squad
Fire Support Elements
Selects Guastatori Squad
Selects L6/40 Light Tank Combat Group
Guastatori Squad
Panzerjäger Mechanized Group
Selects Defensive Operations
Construct Panzerarmee Kommand
Armored Reserves
Panzer IV Assault Group
Selects Towed Cannone da 105/28 Field Howitzer
Emergency Repair Kits
Vehicle Survival Package
Towed Cannone da 105/28 Field Howitzer
Rapid Advance
Selects Prepared Positions
Tiger Heavy Tank
Veteran Squad Leaders
Tungsten Core Ammunition
Advanced Optics
DARK STORM
대홍단 감자
BUBBA_ACTUAL
JollyRedRockett
0
0
Comments
sign in to comment!
No comments posted yet!